 Dungeon Crawl Stone Soup version 0.29-a0-271-gd4eb659eea (webtiles) character file.

Game seed: 3962485967082356437

55 pokeman the Magician (level 3, 0/20 HPs)
             Began as a Deep Elf Hedge Wizard on Mar 8, 2022.
             Slain by a ball python (2 damage)
             ... on level 3 of the Dungeon.
             The game lasted 00:03:49 (2581 turns).

pokeman the Magician (Deep Elf Hedge Wizard)        Turns: 2581, Time: 00:03:50

Health: 0/20       AC:  4    Str:  7    XL:     3   Next: 67%
Magic:  1/11       EV:  9    Int: 20    God:
Gold:   106        SH:  0    Dex: 14    Spells: 1/12 levels left

rFire   . . .      SeeInvis .   b - +0 falchion (holy)
rCold   + . .      Faith    .   (no shield)
rNeg    . . .      Spirit   .   j - +0 leather armour
rPois   .          Reflect  .   c - +0 hat
rElec   .          Harm     .   (no cloak)
rCorr   +          Rampage  .   i - +0 pair of gloves
Will    .....                   (no boots)
Stlth   ++........              (no amulet)
HPRegen 0.06/turn               f - ring of protection from cold
MPRegen 0.12/turn               m - ring of resist corrosion

@: constricted
A: no striking features
a: no special abilities


You were on level 3 of the Dungeon.
You visited 1 branch of the dungeon, and saw 3 of its levels.

You collected 106 gold pieces.

Inventory:

Hand Weapons
 b - a +0 falchion of holy wrath (weapon)
Missiles
 l - a throwing net
Armour
 c - a +0 hat (worn)
 i - a +0 pair of gloves (worn)
 j - a +0 leather armour (worn)
Jewellery
 f - a ring of protection from cold (left hand)
 m - a ring of resist corrosion (right hand)
Scrolls
 d - a scroll of amnesia {unknown}
 g - 2 scrolls of brand weapon {unknown}
 h - 2 scrolls of identify {unknown}
 k - a scroll of fear {unknown}
 n - a scroll of holy word {unknown}
Potions
 e - a potion of haste {unknown}
 o - a potion of flight {unknown}
 p - a potion of curing {unknown}


   Skills:
 - Level 1.0 Fighting
 - Level 1.0 Armour
 + Level 2.5 Dodging
 + Level 2.5 Stealth
 * Level 5.3 Spellcasting
 + Level 1.9 Conjurations
 - Level 1.1 Summonings
 - Level 1.1 Translocations


You had one spell level left.
You knew the following spells:

 Your Spells              Type           Power      Damage    Failure   Level
a - Magic Dart            Conj           52%        1d5       8%          1
b - Mephitic Cloud        Conj/Pois/Air  7%         N/A       36%         3
c - Call Imp              Summ           9%         N/A       16%         2
d - Blink                 Tloc           18%        N/A       16%         2
e - Conjure Flame         Conj/Fire      9%         6-21      32%         3

Your spell library contained the following spells:

 Spells                   Type           Power      Damage    Failure   Level
 Freeze                   Ice            20%        1d4       16%         1
 Slow                     Hex            20%        N/A       16%         1
 Frozen Ramparts          Ice            10%        1d3       43%         3
 Hailstorm                Conj/Ice       9%         3d4       73%         4


Dungeon Overview and Level Annotations

Branches:
Dungeon (3/15)

Altars:


Message History

You are poisoned.
The adder poisons you!
You miss the adder.
The adder is severely wounded.
You feel sick. The adder misses you.
You closely miss the adder.
The adder is severely wounded.
You feel sick. The adder barely misses you. The adder bites you.
You hit the adder but do no damage.
The adder is severely wounded.
You feel sick. The adder barely misses you. The adder bites you.
* * * LOW HITPOINT WARNING * * *
You closely miss the adder.
The adder is severely wounded.
You feel sick.
You are no longer poisoned.
The adder closely misses you.
A ball python comes into view.
The adder barely misses you.
Your magical contamination has completely faded away.
You closely miss the adder.
The adder is severely wounded.
The adder closely misses you.
The ball python hisses angrily.
The ball python closely misses you. The ball python grabs you.
The ball python constricts you.
* * * LOW HITPOINT WARNING * * *
You closely miss the adder.
The adder is severely wounded.
The adder misses you. The adder bites you but does no damage.
Unknown command.
Casting: Magic Dart (safe; 8% risk of failure)
Confirm with . or Enter, or press ? or * to list all spells.
Aiming: Magic Dart (safe; 8% risk of failure)
Press: ? - help, Shift-Dir - straight line, f/p - adder
Aim: an adder (severely wounded, 100% to hit)
The magic dart hits the adder.
You kill the adder!
The ball python bites you.
You die...

######......
#........... #####
##.#.†.#
).....##.[..###
#..S......(...###
S......#......†.#
##.#####....^##....
###......# ###
#@>......#
#S##.##### ...#..#
#.####.## #. .. ..
.# . #.


You could see a ball python.

Vanquished Creatures
  2 adders
  A worm (D:2)
  2 dart slugs
  An orc (D:3)
  2 ball pythons (D:1)
  3 endoplasms
  A giant cockroach (D:1)
  2 goblins (D:2)
  5 hobgoblins
  8 kobolds
  5 bats
  4 frilled lizards
  2 rats (D:1)
38 creatures vanquished.

Notes
Turn   | Place    | Note
-------+----------+-------------------------------------------
     0 | D:1      | pokeman the Deep Elf Hedge Wizard began the quest for the
                  | Orb.
     0 | D:1      | Reached XP level 1. HP: 10/10 MP: 7/7
   435 | D:1      | Reached XP level 2. HP: 16/16 MP: 5/9
  1387 | D:2      | Found a faded altar of an unknown god.
  1411 | D:2      | Reached skill level 5 in Spellcasting
  1464 | D:2      | Reached XP level 3. HP: 15/20 MP: 1/11
  1468 | D:2      | Learned a level 3 spell: Mephitic Cloud
  1471 | D:2      | Learned a level 2 spell: Call Imp
  1474 | D:2      | Learned a level 2 spell: Blink
  1478 | D:2      | Learned a level 3 spell: Conjure Flame
  2402 | D:3      | Reached skill level 1 in Fighting
  2414 | D:3      | Reached skill level 1 in Armour
  2581 | D:3      | Slain by a ball python

Illustrated notes

Levels and vault maps discovered:
D:1:      dpeg_arrival_round_c, layout_loops_corners
D:2:      layout_rooms, hellmonk_ecumenical_altar_arch_garden
D:3:      layout_rooms

Skill      XL: |  1  2  3 |
---------------+----------+-----
Spellcasting   | 5 |  5.3
Fighting       | 1 |  1.0
Armour         | 1 |  1.0
Dodging        | |  2.5
Stealth        | |  2.5
Conjurations   | |  1.9
Summonings     | |  1.1
Translocations | |  1.1

Action                   || total
-------------------------++-------
Melee: Dagger            ||     2
       Punch             ||     1
       Falchion          ||     7
 Cast: Magic Dart        ||   101
  Use: Potion            ||     2
Armor: Robe              ||     2
       Leather armour    ||     4
Dodge: Dodged            ||    27

Table legend: (Time is in decaauts)
 A = Elapsed time spent in this place.
 B = Non-inter-level travel time spent in this place.
 C = Inter-level travel time spent in this place.
 D = Time resting spent in this place.
 E = Time spent auto-exploring this place.
 F = Levels seen in this place.
 G = Mean time per level.
                   A        B        C        D        E       F      G
               +--------+--------+--------+--------+--------+-----+--------+
         Total |   2583 |   2513 |     70 |    420 |   1831 |   3 |  861.0 |
       Dungeon |   2583 |   2513 |     70 |    420 |   1831 |   3 |  861.0 |
               +--------+--------+--------+--------+--------+-----+--------+

Top non-repeatable levels by time:
     D:1: 1378 daAuts
     D:2: 1130 daAuts
     D:3: 73 daAuts
